APL (24 & UNDER)
DETROIT DIRTY SNOW @ NANTUCKET ORCAS
07/16/2028
 
TOP OF THE 1ST
Detroit Dirty Snow batting - Pitching for Nantucket Orcas : RHP José Cuellar
Pitching: RHP José Cuellar
Batting: SHB Cristián López 0-0: Fly out, F8 (Flyball, 8LM)
Batting: RHB Cristo Souza 0-0: Ball
1-0: Ball
2-0: Called Strike
2-1: Called Strike
2-2: Strikes out looking
Batting: LHB Félix Costa 0-0: Called Strike
0-1: Swinging Strike
0-2: Strikes out swinging
Top of the 1st over - 0 run(s), 0 hit(s), 0 error(s), 0 left on base; Detroit 0 - Nantucket 0
BOTTOM OF THE 1ST
Nantucket Orcas batting - Pitching for Detroit Dirty Snow : RHP Keith Heffner
Pitching: RHP Keith Heffner
Batting: RHB Charlie Pérez 0-0: Called Strike
0-1: Ball
1-1: Ball
2-1: Ball
3-1: Swinging Strike
3-2: Strikes out swinging
Batting: RHB Demetrio Inrouville 0-0: Called Strike
0-1: Ball
1-1: Called Strike
1-2: Strikes out swinging
Batting: LHB Eugene Lee 0-0: Ground out 4-3 (Groundball, 34)
Bottom of the 1st over - 0 run(s), 0 hit(s), 0 error(s), 0 left on base; Detroit 0 - Nantucket 0
TOP OF THE 2ND
Detroit Dirty Snow batting - Pitching for Nantucket Orcas : RHP José Cuellar
Batting: RHB Carlos Rocha 0-0: Ball
1-0: Called Strike
1-1: Fly out, F9 (Flyball, 9D)
Batting: RHB Gary Wyatt 0-0: Called Strike
0-1: Ball
1-1: Called Strike
1-2: Ball
2-2: Strikes out swinging
Batting: RHB Charlie O'Farrell 0-0: Ball
1-0: Foul Ball, location: 2F
1-1: Swinging Strike
1-2: Foul Ball, location: 2F
1-2: Ball
2-2: Foul Ball, location: 2F
2-2: SINGLE (Groundball, 6D)
Batting: SHB Alan Garland 0-0: Fielders Choice at 2nd, 4-6 (Groundball, 4)
Top of the 2nd over - 0 run(s), 1 hit(s), 0 error(s), 0 left on base; Detroit 0 - Nantucket 0
BOTTOM OF THE 2ND
Nantucket Orcas batting - Pitching for Detroit Dirty Snow : RHP Keith Heffner
Batting: RHB Fernando Álvarez 0-0: Called Strike
0-1: Called Strike
0-2: SINGLE (Groundball, 15S) (infield hit)
Batting: LHB Howard White 0-0: Foul Ball, location: 2F
0-1: Ball
1-1: Grounds into double play, 4-6-3 (Groundball, 4)
Batting: LHB Alfonso Vélez 0-0: Ball
1-0: Ground out 4-3 (Groundball, 4)
Bottom of the 2nd over - 0 run(s), 1 hit(s), 0 error(s), 0 left on base; Detroit 0 - Nantucket 0
TOP OF THE 3RD
Detroit Dirty Snow batting - Pitching for Nantucket Orcas : RHP José Cuellar
Batting: SHB Víctor Torres 0-0: Swinging Strike
0-1: Ball
1-1: Called Strike
1-2: Strikes out swinging
Batting: RHB Manuel Flores 0-0: Ball
1-0: Ground out 3-1 (Groundball, 34)
Batting: SHB Cristián López 0-0: Ball
1-0: Ball
2-0: Called Strike
2-1: DOUBLE (Line Drive, 78D)
Batting: RHB Cristo Souza 0-0: Foul Ball, location: 2F
0-1: Ground out 6-3 (Groundball, 6)
Top of the 3rd over - 0 run(s), 1 hit(s), 0 error(s), 1 left on base; Detroit 0 - Nantucket 0
BOTTOM OF THE 3RD
Nantucket Orcas batting - Pitching for Detroit Dirty Snow : RHP Keith Heffner
Batting: RHB Roberto Canó 0-0: Called Strike
0-1: SINGLE (Groundball, 6MD)
Batting: RHB Oliver Gonzéles 0-0: Ball
1-0: Ground out 6-3 (Groundball, 6MS)
Roberto Canó to second
Batting: RHB Luis Cruz 0-0: Ball
1-0: Foul Ball, location: 2F
1-1: Foul Ball, location: 2F
1-2: Foul Ball, location: 2F
1-2: Ball
2-2: Ground out 4-3 (Groundball, 4)
Roberto Canó to third
Batting: RHB Charlie Pérez 0-0: Ball
1-0: Ground out 6-3 (Groundball, 6)
Bottom of the 3rd over - 0 run(s), 1 hit(s), 0 error(s), 1 left on base; Detroit 0 - Nantucket 0
TOP OF THE 4TH
Detroit Dirty Snow batting - Pitching for Nantucket Orcas : RHP José Cuellar
Batting: LHB Félix Costa 0-0: Swinging Strike
0-1: Called Strike
0-2: Ground out 4-3 (Groundball, 4)
Batting: RHB Carlos Rocha 0-0: Ball
1-0: Called Strike
1-1: Foul Ball, location: 2F
1-2: Ball
2-2: Strikes out swinging
Batting: RHB Gary Wyatt 0-0: Called Strike
0-1: Called Strike
0-2: Strikes out swinging
Top of the 4th over - 0 run(s), 0 hit(s), 0 error(s), 0 left on base; Detroit 0 - Nantucket 0
BOTTOM OF THE 4TH
Nantucket Orcas batting - Pitching for Detroit Dirty Snow : RHP Keith Heffner
Batting: RHB Demetrio Inrouville 0-0: Foul Ball, location: 2F
0-1: Swinging Strike
0-2: Ball
1-2: SINGLE (Groundball, 4MD)
Batting: LHB Eugene Lee 0-0: Called Strike
0-1: Ball
1-1: Foul Ball, location: 2F
1-2: Foul Ball, location: 2F
1-2: 2-RUN HOME RUN (Line Drive, 9D), Distance : 378 ft
Batting: RHB Fernando Álvarez 0-0: Ball
1-0: SINGLE (Groundball, 34D)
Batting: LHB Howard White 0-0: Ball
Fernando Álvarez is caught stealing 2nd base
1-0: Ball
2-0: Ball
3-0: Base on Balls
Batting: LHB Alfonso Vélez 0-0: Ball
1-0: Ball
2-0: Ball
3-0: Base on Balls
Howard White to second
Batting: RHB Roberto Canó 0-0: Called Strike
0-1: Called Strike
0-2: Ground out 5-3 (Groundball, 56S)
Howard White to third
Alfonso Vélez to second
Batting: RHB Oliver Gonzéles 0-0: Ball
1-0: Swinging Strike
1-1: Ball
2-1: Foul Ball, location: 2F
2-2: Strikes out swinging
Bottom of the 4th over - 2 run(s), 3 hit(s), 0 error(s), 2 left on base; Detroit 0 - Nantucket 2
TOP OF THE 5TH
Detroit Dirty Snow batting - Pitching for Nantucket Orcas : RHP José Cuellar
Batting: RHB Charlie O'Farrell 0-0: Swinging Strike
0-1: Ball
1-1: Foul Ball, location: 2F
1-2: Ball
2-2: Ball
3-2: Strikes out swinging
Batting: SHB Alan Garland 0-0: Ball
1-0: Ball
2-0: Ball
3-0: Base on Balls
Batting: SHB Víctor Torres 0-0: Fly out, F8 (Flyball, 8LS)
Batting: RHB Manuel Flores 0-0: Ball
1-0: Ball
2-0: Ball
3-0: Fly out, F8 (Flyball, 78M)
Top of the 5th over - 0 run(s), 0 hit(s), 0 error(s), 1 left on base; Detroit 0 - Nantucket 2
BOTTOM OF THE 5TH
Nantucket Orcas batting - Pitching for Detroit Dirty Snow : RHP Keith Heffner
Batting: RHB Luis Cruz 0-0: Foul Ball, location: 2F
0-1: Foul Ball, location: 2F
0-2: Foul Ball, location: 2F
0-2: Ground out 4-3 (Groundball, 4M)
Batting: RHB Charlie Pérez 0-0: Called Strike
0-1: Foul Ball, location: 2F
0-2: SINGLE (Groundball, 56D)
Batting: RHB Demetrio Inrouville 0-0: Ball
1-0: Ball
2-0: Ball
Pickoff Throw by Catcher to First - Error! E2
Charlie Pérez to second
3-0: Called Strike
3-1: Foul Ball, location: 2F
3-2: SINGLE (Line Drive, 6D)
Charlie Pérez to third
Batting: LHB Eugene Lee 0-0: Called Strike
0-1: Ball
1-1: Ball
2-1: Called Strike
2-2: Ball
3-2: Fielders Choice at 2nd, 4-6 (Groundball, 4)
Charlie Pérez scores
Batting: RHB Fernando Álvarez 0-0: Ball
1-0: Ball
2-0: Foul Ball, location: 2F
2-1: Ball
3-1: Swinging Strike
3-2: Strikes out swinging
Bottom of the 5th over - 1 run(s), 2 hit(s), 1 error(s), 1 left on base; Detroit 0 - Nantucket 3
TOP OF THE 6TH
Detroit Dirty Snow batting - Pitching for Nantucket Orcas : RHP José Cuellar
Batting: SHB Cristián López 0-0: Ball
1-0: Ground out 4-3 (Groundball, 4)
Batting: RHB Cristo Souza 0-0: Ball
1-0: Foul Ball, location: 2F
1-1: Foul Ball, location: 2F
1-2: Ball
2-2: Strikes out swinging
Batting: LHB Félix Costa 0-0: Ball
1-0: Ball
2-0: Ball
3-0: Base on Balls
Batting: RHB Carlos Rocha 0-0: Swinging Strike
0-1: SINGLE (Line Drive, 78S)
Félix Costa to second
Runner from 2nd tries for 3rd, SAFE, throw made to third
Batting: RHB Gary Wyatt 0-0: Called Strike
0-1: Swinging Strike
0-2: Strikes out swinging
Top of the 6th over - 0 run(s), 1 hit(s), 0 error(s), 2 left on base; Detroit 0 - Nantucket 3
BOTTOM OF THE 6TH
Nantucket Orcas batting - Pitching for Detroit Dirty Snow : RHP Keith Heffner
Pitching: LHP Jorge Luna
Batting: LHB Howard White 0-0: Ball
1-0: Ground out U3 (Groundball, 34)
Batting: LHB Alfonso Vélez 0-0: Ball
1-0: Called Strike
1-1: Foul Ball, location: 2F
1-2: Foul Ball, location: 2F
1-2: Foul Ball, location: 2F
1-2: Strikes out looking
Batting: RHB Roberto Canó 0-0: Ground out 5-3 (Groundball, 56)
Bottom of the 6th over - 0 run(s), 0 hit(s), 0 error(s), 0 left on base; Detroit 0 - Nantucket 3
TOP OF THE 7TH
Detroit Dirty Snow batting - Pitching for Nantucket Orcas : RHP José Cuellar
Batting: RHB Charlie O'Farrell 0-0: Ball
1-0: Swinging Strike
1-1: Ball
2-1: Single, Error in OF, E7, batter to second base
Pitching: LHP Alberto Gutiérrez
Batting: SHB Alan Garland 0-0: Ball
1-0: Ball
2-0: Ball
Wild Pitch!
Charlie O'Farrell to third
3-0: Base on Balls
Batting: SHB Víctor Torres 0-0: Ball
1-0: Called Strike
1-1: Ball
2-1: Swinging Strike
2-2: Strikes out swinging
Batting: RHB Manuel Flores 0-0: Ball
Throwing error on steal attempt, E2
Charlie O'Farrell scores
Alan Garland to third
1-0: Fly out, F9 (Line Drive, 9)
Runner from 3rd tags up, OUT at HOME
Top of the 7th over - 1 run(s), 1 hit(s), 2 error(s), 0 left on base; Detroit 1 - Nantucket 3
BOTTOM OF THE 7TH
Nantucket Orcas batting - Pitching for Detroit Dirty Snow : LHP Jorge Luna
Batting: RHB Oliver Gonzéles 0-0: Fly out, F6 (Line Drive, 6)
Batting: RHB Luis Cruz 0-0: Swinging Strike
0-1: Ball
1-1: Called Strike
1-2: Ground out 5-3 (Groundball, 56S)
Batting: RHB Charlie Pérez 0-0: Ball
1-0: Called Strike
1-1: Ball
2-1: Swinging Strike
2-2: Strikes out swinging
Bottom of the 7th over - 0 run(s), 0 hit(s), 0 error(s), 0 left on base; Detroit 1 - Nantucket 3
TOP OF THE 8TH
Detroit Dirty Snow batting - Pitching for Nantucket Orcas : LHP Alberto Gutiérrez
Batting: SHB Cristián López 0-0: Ball
1-0: Ball
2-0: Ball
3-0: Called Strike
3-1: DOUBLE (Line Drive, 78M)
Pitching: RHP Culley Booth
Batting: RHB Cristo Souza 0-0: Ball
1-0: DOUBLE (Line Drive, 89M)
Cristián López scores
Pitching: LHP José Rodríguez
Batting: LHB Félix Costa 0-0: Called Strike
0-1: Called Strike
0-2: Ball
1-2: Foul Ball, location: 2F
1-2: Strikes out swinging
Pitching: RHP Joe Griffin
Batting: RHB Carlos Rocha 0-0: Called Strike
0-1: Ball
1-1: 2-RUN HOME RUN (Flyball, 7D), Distance : 385 ft
Batting: RHB Gary Wyatt 0-0: Ball
1-0: Ball
2-0: Ball
3-0: Called Strike
3-1: Foul Ball, location: 2F
3-2: Foul Ball, location: 2F
3-2: Foul Ball, location: 2F
3-2: Strikes out swinging
Batting: RHB Charlie O'Farrell 0-0: Foul Ball, location: 2F
0-1: Ball
1-1: Called Strike
1-2: Strikes out swinging
Top of the 8th over - 3 run(s), 3 hit(s), 0 error(s), 0 left on base; Detroit 4 - Nantucket 3
BOTTOM OF THE 8TH
Nantucket Orcas batting - Pitching for Detroit Dirty Snow : LHP Jorge Luna
Batting: RHB Demetrio Inrouville 0-0: Ball
1-0: Foul Ball, location: 2F
1-1: Swinging Strike
1-2: Ball
2-2: Strikes out swinging
Batting: LHB Eugene Lee 0-0: Called Strike
0-1: Ball
1-1: Called Strike
1-2: Ball
2-2: Foul Ball, location: 2F
2-2: Foul Ball, location: 2F
2-2: Ball
3-2: Base on Balls
Pinch Hitting: RHB Juan Gómez 0-0: Ball
1-0: Called Strike
1-1: Swinging Strike
1-2: Ball
2-2: Strikes out swinging
Pinch Hitting: LHB Juan Lima 0-0: Ball
1-0: Ball
2-0: Ball
3-0: Base on Balls
Eugene Lee to second
Pinch Hitting: RHB Pepe Franco 0-0: Ball
1-0: Fly out, F3 (Flyball, 34D)
Bottom of the 8th over - 0 run(s), 0 hit(s), 0 error(s), 2 left on base; Detroit 4 - Nantucket 3
TOP OF THE 9TH
Detroit Dirty Snow batting - Pitching for Nantucket Orcas : RHP Joe Griffin
Now at 1B: Juan Gómez
Now at 2B: Juan Lima
Now at 3B: Pepe Franco
Batting: SHB Alan Garland 0-0: Ground out 4-3 (Groundball, 4D)
Batting: SHB Víctor Torres 0-0: Ball
1-0: Called Strike
1-1: Ball
2-1: Called Strike
2-2: DOUBLE (Flyball, 7LM)
Batting: RHB Manuel Flores 0-0: Ball
1-0: Ball
2-0: Ball
3-0: Base on Balls
Batting: SHB Cristián López 0-0: Ball
1-0: Foul Ball, location: 2F
1-1: Swinging Strike
1-2: Foul Ball, location: 2F
1-2: Foul Ball, location: 2F
1-2: SINGLE (Line Drive, 7LS)
Víctor Torres to third
Manuel Flores to second
Pinch Hitting: LHB Luis Salazar 0-0: Called Strike
0-1: Ball
1-1: Swinging Strike
1-2: Strikes out swinging
Batting: LHB Félix Costa 0-0: Ball
1-0: Ball
2-0: Ball
3-0: Base on Balls
Víctor Torres scores
Manuel Flores to third
Cristián López to second
Pitching: RHP Juan Moreno
Batting: RHB Carlos Rocha 0-0: Ball
1-0: SINGLE (Line Drive, 89S)
Manuel Flores scores
Cristián López to third
Félix Costa to second
Runner from 3rd tries for Home, SAFE, no throw
Batting: RHB Gary Wyatt 0-0: Ball
1-0: Ball
2-0: Foul Ball, location: 2F
2-1: Called Strike
2-2: Strikes out looking
Top of the 9th over - 3 run(s), 3 hit(s), 0 error(s), 2 left on base; Detroit 7 - Nantucket 3
BOTTOM OF THE 9TH
Nantucket Orcas batting - Pitching for Detroit Dirty Snow : LHP Jorge Luna
Now at C: Albert Cortéz
Batting: RHB Roberto Canó 0-0: Ball
1-0: Ball
2-0: Ball
3-0: Called Strike
3-1: Base on Balls
Batting: RHB Oliver Gonzéles 0-0: Swinging Strike
0-1: Foul Ball, location: 2F
0-2: Ball
1-2: SINGLE (Line Drive, 4M)
Roberto Canó to second
Batting: RHB Luis Cruz 0-0: Ball
1-0: Called Strike
1-1: Swinging Strike
1-2: Ball
2-2: Foul Ball, location: 2F
2-2: Ball
3-2: Foul Ball, location: 2F
3-2: Foul Ball, location: 2F
3-2: Base on Balls
Roberto Canó to third
Oliver Gonzéles to second
Batting: RHB Charlie Pérez 0-0: Ball
1-0: Called Strike
1-1: Ball
2-1: Ball
3-1: Fly out, F6 (Popup, 6MD)
Batting: RHB Demetrio Inrouville 0-0: Ball
1-0: Ball
2-0: Ball
3-0: Called Strike
3-1: Foul Ball, location: 2F
3-2: Base on Balls
Roberto Canó scores
Oliver Gonzéles to third
Luis Cruz to second
Pinch Hitting: RHB Cris Lugo 0-0: Ball
1-0: Called Strike
1-1: Called Strike
1-2: Strikes out swinging
Batting: RHB Juan Gómez 0-0: Called Strike
0-1: Swinging Strike
0-2: Foul Ball, location: 2F
0-2: Ball
1-2: Reached via error on a dropped throw, E6
Oliver Gonzéles scores
Luis Cruz to third
Demetrio Inrouville to second
Pitching: LHP Ernesto Sánchez
Batting: LHB Juan Lima 0-0: Ball
1-0: Fly out, F8 (Line Drive, 8RM)
Bottom of the 9th over - 2 run(s), 1 hit(s), 1 error(s), 3 left on base; Detroit 7 - Nantucket 5
Tuesday, August 8th, 2017 - OOTP Baseball 17.12 Build 75